 Dungeon Crawl Stone Soup version 0.31-a0-931-g7b59d4eb97 (webtiles) character file.

Game seed: 15597324094207774106

5416 Dirtsage the Grappler (level 10, -2/69 HPs)
             Began as an Octopode Shapeshifter on Oct 19, 2023.
             Was a Believer of Wu Jian.
             Slain by a yak (4 damage)
             ... on level 9 of the Dungeon.
             The game lasted 00:16:17 (9200 turns).

Dirtsage the Grappler (Octopode Shapeshifter)       Turns: 9200, Time: 00:16:18

Health: -2/69      AC:  1    Str: 23    XL:     10   Next: 67%
Magic:  10/10      EV: 13    Int: 13    God:    Wu Jian [**....]
Gold:   594        SH:  0    Dex: 12    Spells: 7/9 levels left

rFire   . .          .
                       - Unarmed
rCold   . . .        (no shield)
rNeg    . . .        (helmet currently unavailable)
rPois   .            a - amulet of the acrobat
rElec   .            g - +6 ring of strength
rCorr   .            (no ring)
SInv    .            (no ring)
Will    .....        (no ring)
Stlth   ++           (no ring)
HPRegen 0.31/turn    (no ring)
MPRegen 0.12/turn    (no ring)
                     (no ring)

%: acrobat
@: beast-form
A: beast (slay +4), almost no armour, amphibious, 8 rings, camouflage 1,
gelatinous body 1, (nimble swimmer 1), tentacles
a: Begin Untransformation, Renounce Religion, Wall Jump


You were on level 9 of the Dungeon.
You worshipped Wu Jian.
Wu Jian was pleased with you.
You were a hulking beast.
You visited 2 branches of the dungeon, and saw 10 of its levels.

You collected 594 gold pieces.

Inventory:

Missiles
 s - 5 curare-tipped darts
Jewellery
 a - an amulet of the acrobat (around mantle)
 g - a +6 ring of strength (left tentacle)
Talismans
 c - a flux talisman
 B - a beast talisman (active)
Wands
 b - a wand of roots (5)
 n - a wand of light (10)
 v - a wand of flame (17)
Scrolls
 i - a scroll of identify
 o - a scroll of poison
 t - 3 scrolls of teleportation
 u - 2 scrolls of vulnerability
 w - a scroll of brand weapon {unknown}
 y - a scroll of torment {unknown}
 A - a scroll of enchant weapon {unknown}
 C - a scroll of fog {unknown}
Potions
 d - a potion of haste {unknown}
 e - 2 potions of enlightenment {unknown}
 f - a potion of invisibility {unknown}
 h - 2 potions of attraction
 j - 2 potions of brilliance
 k - a potion of resistance {unknown}
 l - 2 potions of heal wounds
 m - a potion of mutation {unknown}
 p - 2 potions of berserk rage {unknown}
 r - 2 potions of degeneration {unknown}
 x - 4 potions of lignification
 z - 2 potions of cancellation {unknown}


   Skills:
 + Level 6.3 Fighting
 - Level 2.0 Dodging
 * Level 9.9 Unarmed Combat
 + Level 5.0 Hexes
 * Level 9.1 Shapeshifting


You had 7 spell levels left.
You knew the following spells:

 Your Spells              Type           Power      Damage    Failure   Level
a - Jinxbite              Hex            26%        N/A       6%          2

Your spell library contained the following spells:

 Spells                   Type           Power      Damage    Failure   Level
 Ensorcelled Hibernation  Hex/Ice        12%        N/A       17%         2
 Apportation              Tloc           0%         N/A       30%         1
 Passwall                 Tmut/Erth      0%         N/A       43%         2
 Stone Arrow              Conj/Erth      0%         3d7       67%         3
 Swiftness                Air            0%         N/A       67%         3
 Alistair's Intoxication  Tmut/Pois      0%         N/A       100%        5
 Lehudib's Crystal Spear  Conj/Erth      0%         10d2      100%        8
 Animate Armour           Summ/Erth      Unusable   N/A       N/A         4

Dungeon Overview and Level Annotations

Branches:
Dungeon (9/15)             Temple (1/1) D:5
   Lair: D:8-11         Orc: D:9-12

Altars:
Ashenzari
Cheibriados
Dithmenos
Elyvilon
Fedhas
Gozag
Hepliaklqana
Kikubaaqudgha
Makhleb
Nemelex Xobeh
Okawaru
Qazlal
Ru
Sif Muna
Trog
Uskayaw
Vehumet
Wu Jian
Xom
Yredelemnul
Zin
The Shining One

Shops:
D:7 =

Annotations:
D:3 Ijyb
D:4 1 runed translucent door, exclusion: black bear, Crazy Yiuf


Innate Abilities, Weirdness & Mutations

You are a hulking beast.
Your limbs bulge with bestial killing power. (Slay +4)
You cannot wear most types of armour.
You are amphibious.
You can wear up to eight rings at the same time.
Your skin changes colour to match your surroundings (Stealth+).
Your rubbery body absorbs attacks. (AC +1, EV +1)
((You are camouflaged when in or above water. (Stealth+)))
You have tentacles for arms and can constrict up to eight enemies at once.


Message History

You barely miss the yak. Your squeeze misses the yak.
The yak is severely wounded.
You batter the yak!!
You kill the yak!
The Council accepts your kill.
You bludgeon the yak!
You tentacle-slap the yak, but do no damage.
The yak is moderately wounded.
The yak gores you!
You take 14 damage, and have 40/68 hp.
MASSIVE DAMAGE!!
You tentacle-slap the yak. You squeeze the yak.
The yak is heavily wounded.
The yak gores you!
You take 16 damage, and have 24/68 hp.
MASSIVE DAMAGE!!
You bludgeon the yak! You squeeze the yak!
You kill the yak!
The Council accepts your kill.
Your Hexes skill increases to level 5!
You bludgeon the yak! You squeeze the yak!
The yak is almost dead.
You completely miss the yak.
The yak is almost dead.
The yak gores you!
* * * LOW HITPOINT WARNING * * *
You take 16 damage, and have 9/69 hp.
MASSIVE DAMAGE!!
You bludgeon the yak!
You kill the yak!
The Council accepts your kill.
You bludgeon the yak!
Your tentacle-slap misses the yak.
The yak is moderately wounded.
The yak gores you!
* * * LOW HITPOINT WARNING * * *
You take 8 damage, and have 1/69 hp.
You tentacle-slap the yak. You squeeze the yak.
The yak is heavily wounded.
The yak closely misses you.
You tentacle-slap the yak but do no damage.
The yak is heavily wounded.
The yak gores you.
You die... '.........# #.........# ......... ....... .....
KY.

#Y# #h# #># #.#
#####)#####
#.........#
#.!.......###
#..?.........
#.#.........###
#......)....#


You could see 2 yaks and a kobold.

Vanquished Creatures
  Maurice (D:9)
  Maggie (D:6)
  4 dream sheep (D:7)
  Sigmund (D:3)
  4 yaks (D:9)
  2 water moccasins
  Duvessa (D:7)
  An ice beast (D:5)
  An orc warrior (D:6)
  A black bear (D:6)
  2 ogres (D:6)
  2 centaurs
  A phantom (D:5)
  2 kobold brigands
  3 bullfrogs
  7 wights (D:8)
  Dowan (D:7)
  22 killer bees
  A howler monkey (D:5)
  6 hounds
  An orc priest (D:7)
  Natasha (thrice) (D:3)
  3 iguanas
  2 orc wizards
  3 gnolls (D:5)
  5 adders
  2 shadow imps
  4 ufetubi
  2 adder zombies (D:4)
  2 worms (D:2)
  6 dart slugs
  20 orcs
  5 bats
  8 endoplasms
  3 giant cockroaches
  4 goblins
  3 hobgoblins
  5 jackals
  7 kobolds
  4 quokkas
  7 ball pythons
  6 frilled lizards
  6 rats
175 creatures vanquished.

Notes
Turn   | Place    | Note
-------+----------+-------------------------------------------
     0 | D:1      | Dirtsage the Octopode Shapeshifter began the quest for the
                  | Orb.
     0 | D:1      | Reached XP level 1. HP: 13/13 MP: 1/1
   253 | D:1      | Reached XP level 2. HP: 7/18 MP: 2/2
   430 | D:1      | Found a faded altar of an unknown god.
  1052 | D:2      | Reached XP level 3. HP: 20/23 MP: 3/3
  1842 | D:3      | Reached XP level 4. HP: 29/29 MP: 4/4
  2035 | D:3      | Noticed Ijyb
  2036 | D:3      | Noticed Natasha
  2050 | D:3      | Killed Natasha
  2216 | D:3      | Noticed Natasha
  2227 | D:3      | Killed Natasha
  2228 | D:3      | Reached XP level 5. HP: 29/34 MP: 5/5
  2251 | D:3      | Noticed Sigmund
  2261 | D:3      | Killed Sigmund
  2262 | D:3      | Reached XP level 6. HP: 6/41 MP: 6/6
  2460 | D:3      | Noticed Natasha
  2471 | D:3      | Killed Natasha
  2472 | D:3      | Reached skill level 5 in Unarmed Combat
  3111 | D:4      | Found a runed translucent door.
  3112 | D:4      | Noticed Crazy Yiuf
  3321 | D:4      | Noticed a black bear
  3356 | D:4      | Reached skill level 5 in Shapeshifting
  3381 | D:4      | Found a basalt altar of Yredelemnul.
  3713 | D:4      | Reached XP level 7. HP: 21/46 MP: 7/7
  3974 | D:5      | Entered Level 5 of the Dungeon
  4020 | D:5      | Found a staircase to the Ecumenical Temple.
  4028 | Temple   | Entered the Ecumenical Temple
  4035 | Temple   | Became a worshipper of the Wu Jian Council
  4152 | D:5      | Found a bloodstained altar of Trog.
  4479 | D:5      | Learned a level 2 spell: Jinxbite
  4528 | D:5      | Saving game... please wait.
  4572 | D:5      | Reached XP level 8. HP: 34/54 MP: 8/8
  5121 | D:6      | Reached skill level 1 in Hexes
  5467 | D:6      | Reached * piety under Wu Jian
  6098 | D:6      | Noticed Maggie
  6108 | D:6      | Killed Maggie
  6109 | D:6      | Reached XP level 9. HP: 40/59 MP: 9/9
  6645 | D:7      | Noticed Dowan
  6647 | D:7      | Noticed Duvessa
  6655 | D:7      | Killed Dowan
  6658 | D:7      | Killed Duvessa
  6811 | D:7      | Found Wabim's Jewellery Shoppe.
  6828 | D:7      | Reached skill level 5 in Fighting
  7482 | D:8      | Reached ** piety under Wu Jian
  7493 | D:8      | Reached XP level 10. HP: 29/68 MP: 10/10
  7509 | D:8      | Identified the +1 leather armour "Geuc Nen" {Str+7}
  8503 | D:9      | Found a sparkling altar of Nemelex Xobeh.
  8813 | D:9      | Noticed Maurice
  8824 | D:9      | Something stole a beast talisman
  8829 | D:9      | Killed Maurice
  9195 | D:9      | Reached skill level 5 in Hexes
  9198 | D:9      | HP: 1/69 [yak (8)]
  9200 | D:9      | Slain by a yak

Illustrated notes

Levels and vault maps discovered:
D:1:      ncdulo_smallfort, layout_loops_corners, basic_ecumenical_altar
D:2:      layout_loops_ring
D:3:      layout_loops_cross, corner_web_ring, minmay_diced_spiral,
          uniq_sigmund, uniq_natasha, uniq_ijyb
D:4:      minmay_diamond_boxcup, layout_basic, lemuel_zombie_altar_yredelemnul,
          chequers_serial_rivers_micro_b, uniq_crazy_yiuf_cottage
D:5:      layout_cave_pods, trog_three_pillars_becter,
          minmay_temple_entry_sparse_star, hangedman_decor_opposing,
          serial_bayou_pond_a, grunt_ministairs_7
D:6:      layout_basic, uniq_maggie
D:7:      layout_cave_pods, serial_shops, shop, dreamdust_gnoll_shepherd,
          uniq_duvessa
D:8:      layout_loops_ring
D:9:      layout_roguey, nemelex_xobeh_ov_fountains_minmay, special_room
          [special_room_bee], uniq_maurice
Temple:   hellmonk_temple_of_storms

Skill      XL: |  1  2  3  4  5  6  7  8  9 10 |
---------------+-------------------------------+-----
Fighting       | 2 3 4 5 6 |  6.3
Unarmed Combat | 4 5 6 7 8 9 |  9.9
Shapeshifting  | 4 5 7 8 9 |  9.1
Hexes          | 2 4 5 |  5.0
Dodging        | |  2.0

Action                     |  1- 3 |  4- 6 |  7- 9 | 10-12 || total
---------------------------+-------+-------+-------+-------++-------
  Melee: Unarmed           |    58 |    98 |   164 |    90 ||   410
         Constrict         |    15 |    21 |    38 |    18 ||    92
         Tentacles         |    12 |    16 |    26 |    25 ||    79
         Punch             |     1 |     1 |    11 |     2 ||    15
  Throw: Dart              |       |       |     5 |     2 ||     7
Ability: Lunge             |       |       |    16 |    11 ||    27
         Whirlwind         |       |       |       |    13 ||    13
  Evoke: Wand              |       |       |       |     1 ||     1
    Use: Scroll            |     1 |     3 |     2 |     1 ||     7
         Potion            |       |     2 |     2 |     1 ||     5
   Stab: Sleeping          |     7 |     6 |     5 |     2 ||    20
         Distracted        |       |     1 |       |       ||     1
 Armour: Skin              |    19 |    40 |   104 |    38 ||   201
  Dodge: Dodged            |    28 |    57 |    60 |    40 ||   185

Table legend: (Time is in decaauts)
 A = Elapsed time spent in this place.
 B = Non-inter-level travel time spent in this place.
 C = Inter-level travel time spent in this place.
 D = Time resting spent in this place.
 E = Time spent auto-exploring this place.
 F = Levels seen in this place.
 G = Mean time per level.
                   A        B        C        D        E       F      G
               +--------+--------+--------+--------+--------+-----+--------+
         Total |   9153 |   8801 |    352 |    458 |   7312 |  10 |  915.3 |
       Dungeon |   9138 |   8792 |    346 |    458 |   7312 |   9 | 1015.3 |
        Temple |     14 |      8 |      6 |      0 |      0 |   1 |   14.0 |
               +--------+--------+--------+--------+--------+-----+--------+

Top non-repeatable levels by time:
     D:6: 1243 daAuts
     D:3: 1174 daAuts
     D:7: 1144 daAuts
     D:5: 1096 daAuts
     D:4: 1074 daAuts
     D:1: 1008 daAuts
     D:9: 850 daAuts
     D:8: 841 daAuts
     D:2: 703 daAuts
  Temple: 14 daAuts
